 Dungeon Crawl Stone Soup version 0.30-a0-166-g5d06c95188 (webtiles) character file.

Game seed: 11989258229989310578

1013 qw the Chopper (level 8, 0/50 HPs)
             Began as a Gargoyle Fighter on Sept 29, 2022.
             Splashed by a jelly's acid (5 damage)
             ... on level 6 of the Dungeon.
             The game lasted 00:01:50 (5432 turns).

qw the Chopper (Gargoyle Fighter)                   Turns: 5432, Time: 00:01:50

Health: 0/50       AC: 19    Str: 21    XL:     8   Next: 21%
Magic:  8/8        EV:  7    Int: 10    God:
Gold:   458        SH:  6    Dex:  9    Spells: 7/7 levels left

rFire   . . .      SeeInvis .    Y - +0 war axe
rCold   + . .      Faith    .    l - +2 buckler
rNeg    + . .      Spirit   .    k - +0 chain mail
rPois   inf        Reflect  .    u - +0 helmet
rElec   +          Harm     .    p - +0 cloak
rCorr   .          Rampage  .    (no gloves)
Will    .....                    j - +1 pair of boots
Stlth   ..........               (no amulet)
HPRegen 0.16/turn                m - ring of protection from cold
MPRegen 0.11/turn                (no ring)

@: no status effects
A: sickness immunity, AC +5, negative energy resistance 1, electricity
resistance, torment resistance 1, petrification resistance
a: no special abilities


You were on level 6 of the Dungeon.
You visited 1 branch of the dungeon, and saw 6 of its levels.

You collected 458 gold pieces.


Innate Abilities, Weirdness & Mutations

You are immune to sickness and miasma.
Your stone body is resilient. (AC +5)
You are immune to poison.
You resist negative energy. (rN+)
You are resistant to electric shocks. (rElec)
You are resistant to unholy torment.
You are immune to petrification.


   Skills:
 - Level 5.4 Fighting
 + Level 7.2 Axes
 - Level 4.3 Armour
 - Level 1.3 Dodging
 - Level 3.2 Shields


You had 7 spell levels left.
You didn't know any spells.
Your spell library was empty.

Inventory:

Hand Weapons
 g - a +0 flail
 Y - a +0 war axe (weapon)
Armour
 j - a +1 pair of boots (worn)
 k - a +0 chain mail (worn)
 l - a +2 buckler (worn)
 p - a +0 cloak (worn)
 u - a +0 helmet (worn)
Jewellery
 m - a ring of protection from cold (left hand)
Scrolls
 s - a scroll of identify
Potions
 a - a potion of attraction {unknown}
 c - a potion of brilliance {unknown}
 d - a potion of might
 e - a potion of curing
 f - a potion of cancellation
 h - a potion of heal wounds {unknown}
 i - a potion of haste {unknown}
 n - a potion of invisibility {unknown}
 q - a potion of magic {unknown}

Dungeon Overview and Level Annotations

Branches:
Dungeon (6/15)
 Temple: D:4-7

Altars:
Ashenzari
Dithmenos
Gozag
Hepliaklqana
Vehumet
Xom

Shops:
D:1 *


Message History

You destroy the vampire mosquito!
You barely miss the vampire mosquito. The vampire mosquito bites you!
The vampire mosquito bites you but does no damage.
Your Armour skill increases to level 4!
You slash the vampire mosquito!
The vampire mosquito is heavily damaged.
You barely miss the vampire mosquito. The vampire mosquito bites you.
The vampire mosquito bites you but does no damage.
The vampire mosquito bites you.
The vampire mosquito closely misses you.
5406 ||| READING scroll of teleportation.
As you read the scroll of teleportation, it crumbles to dust.
You feel strangely unstable.
The vampire mosquito bites you but does no damage. x2
A scorpion comes into view.
The vampire mosquito closely misses you.
The vampire mosquito bites you but does no damage.
You hit the vampire mosquito.
The vampire mosquito is heavily damaged.
You barely miss the vampire mosquito.
The vampire mosquito bites you but does no damage. x2
You block the vampire mosquito's attack.
The vampire mosquito bites you.
You hit the vampire mosquito.
The vampire mosquito is heavily damaged.
You closely miss the vampire mosquito.
Your surroundings suddenly seem different.
You start resting.
A jelly comes into view.
The jelly quivers.
You completely miss the jelly. The jelly hits you but does no damage.
You hit the jelly but do no damage.
Your hands burn!
You block the jelly's attack.
You barely miss the jelly. The jelly hits you but does no damage.
You hit the jelly.
Your hands burn!
You die...

.#. ..#.
....#
.....
......
......#
......J##
.......@#
......#.#
..... #..
#### #...
##...
....
.....
......


You could see a jelly.

Vanquished Creatures
  2 vampire mosquitoes (D:6)
  A water moccasin (D:5)
  2 ice beasts (D:5)
  An ogre (D:5)
  A scorpion (D:5)
  A hound (D:5)
  An orc priest (D:5)
  Jessica (D:3)
  2 iguanas (D:4)
  An orc wizard (D:5)
  7 adders
  A shadow imp (D:5)
  An ufetubus (D:5)
  4 worms
  3 dart slugs
  6 orcs
  7 ball pythons
  8 endoplasms
  A giant cockroach (D:2)
  10 goblins
  3 hobgoblins
  10 jackals
  3 kobolds
  8 quokkas
  3 bats
  6 frilled lizards
  4 rats
98 creatures vanquished.

Vanquished Creatures (others)
  A plant (D:3)
  5 toadstools (D:4)
6 creatures vanquished.

Grand Total: 104 creatures vanquished

Notes
Turn   | Place    | Note
-------+----------+-------------------------------------------
     0 | D:1      | qw the Gargoyle Fighter began the quest for the Orb.
     0 | D:1      | Reached XP level 1. HP: 14/14 MP: 1/1
     0 | D:1      | 0 ||| qw: Version: 0.2-a-12-gaebbb33
     0 | D:1      | 0 ||| qw: Game counter: 1027
     0 | D:1      | 0 ||| qw: Always use a shield: true
     0 | D:1      | 0 ||| qw: God list: Okawaru
     0 | D:1      | 0 ||| qw: Allow faded altars: false
     0 | D:1      | 0 ||| qw: Do Orc after D:15 true
     0 | D:1      | 0 ||| qw: Do second Lair branch before Depths: true
     0 | D:1      | 0 ||| qw: Lair rune preference: random
     0 | D:1      | 0 ||| qw: Plans: Normal, Zot:1-4, God:TSO, Crypt, Tomb,
                  | Pan, Slime:5, Hells, Abyss, Orb
     0 | D:1      | 0 ||| PLANNING D:1-11
   115 | D:1      | Reached skill level 2 in Axes
   162 | D:1      | Reached XP level 2. HP: 19/19 MP: 2/2
   167 | D:1      | Found Hivoth's General Store.
   226 | D:1      | 226 ||| SHOPLISTING +1 pair of gloves of stealth (198 gold,
                  | have 0).
   226 | D:1      | 226 ||| SHOPLISTING amulet of guardian spirit (360 gold,
                  | have 0).
   226 | D:1      | 226 ||| SHOPLISTING scroll of identify (24 gold, have 0).
   302 | D:1      | 302 ||| Stepping ~*~*~tactically~*~*~ (stealth).
   306 | D:1      | 306 ||| Stepping ~*~*~tactically~*~*~ (stealth).
   716 | D:1      | Reached skill level 3 in Axes
   785 | D:1      | Reached XP level 3. HP: 23/23 MP: 3/3
  1122 | D:1      | 1122 ||| UPGRADING to +0 pair of boots.
  1127 | D:1      | 1127 ||| READING scroll labelled LEWE FYCAMN.
  1128 | D:1      | 1128 ||| READING scroll labelled EKIUSS VEGGYTI.
  1129 | D:1      | 1129 ||| READING scroll labelled FAICWE ITORUGG.
  1130 | D:1      | 1130 ||| READING scroll labelled RUWUUDDI AZY.
  1450 | D:2      | Reached XP level 4. HP: 21/28 MP: 4/4
  1670 | D:2      | Reached skill level 4 in Axes
  2085 | D:2      | 2085 ||| READING scroll labelled CADWUK MUNYT.
  2086 | D:2      | 2086 ||| DRINKING 2 fuming inky potions.
  2122 | D:3      | 2122 ||| Stepping ~*~*~tactically~*~*~ (stealth).
  2185 | D:3      | Noticed Jessica
  2191 | D:3      | 2191 ||| Stepping ~*~*~tactically~*~*~ (hiding).
  2193 | D:3      | 2193 ||| Stepping ~*~*~tactically~*~*~ (hiding).
  2202 | D:3      | Killed Jessica
  2203 | D:3      | Reached XP level 5. HP: 30/32 MP: 5/5
  2223 | D:3      | 2223 ||| DROPPING +0 club.
  2298 | D:3      | Found a shimmering altar of Xom.
  2330 | D:3      | 2330 ||| Stepping ~*~*~tactically~*~*~ (stealth).
  2389 | D:3      | 2389 ||| Stepping ~*~*~tactically~*~*~ (stealth).
  2456 | D:3      | 2456 ||| Stepping ~*~*~tactically~*~*~ (stealth).
  2457 | D:3      | 2457 ||| Stepping ~*~*~tactically~*~*~ (stealth).
  2458 | D:3      | 2458 ||| Stepping ~*~*~tactically~*~*~ (stealth).
  2558 | D:3      | Found a broken altar of Ashenzari.
  2558 | D:3      | Found a shadowy altar of Dithmenos.
  2778 | D:3      | 2778 ||| Stepping ~*~*~tactically~*~*~ (stealth).
  2788 | D:3      | Found a hazy altar of Hepliaklqana.
  2827 | D:3      | 2827 ||| Stepping ~*~*~tactically~*~*~ (stealth).
  2909 | D:3      | 2909 ||| UPGRADING to +2 buckler.
  2919 | D:3      | 2919 ||| DROPPING +0 buckler.
  2920 | D:3      | 2920 ||| READING scroll labelled TIVUEB JAMOTA.
  2925 | D:3      | 2925 ||| READING scroll labelled TUANEISCHOL.
  2973 | D:4      | Reached skill level 5 in Axes
  3047 | D:4      | 3047 ||| READING scroll of enchant armour.
  3047 | D:4      | 3047 ||| ENCHANTING +0 pair of boots.
  3068 | D:4      | 3068 ||| Stepping ~*~*~tactically~*~*~ (hiding).
  3293 | D:4      | Found a radiant altar of Vehumet.
  3324 | D:4      | 3324 ||| Stepping ~*~*~tactically~*~*~ (stealth).
  3475 | D:4      | Reached XP level 6. HP: 35/38 MP: 6/6
  3835 | D:4      | Found an opulent altar of Gozag.
  4005 | D:4      | 4005 ||| UPGRADING to +0 cloak.
  4010 | D:4      | 4010 ||| DROPPING ring of flight.
  4011 | D:4      | 4011 ||| READING scroll labelled JALEET JOPOCZE.
  4012 | D:4      | 4012 ||| READING scroll labelled FUAR SEPTUNNUN.
  4013 | D:4      | 4013 ||| DRINKING 2 purple potions.
  4037 | D:5      | Entered Level 5 of the Dungeon
  4169 | D:5      | 4169 ||| Stepping ~*~*~tactically~*~*~ (stealth).
  4171 | D:5      | 4171 ||| Stepping ~*~*~tactically~*~*~ (stealth).
  4184 | D:5      | Reached skill level 1 in Dodging
  4410 | D:5      | Noticed a water moccasin
  4420 | D:5      | Killed a water moccasin
  4560 | D:5      | Reached skill level 6 in Axes
  4560 | D:5      | Reached XP level 7. HP: 33/43 MP: 7/7
  5163 | D:5      | Reached skill level 7 in Axes
  5200 | D:5      | 5200 ||| Stepping ~*~*~tactically~*~*~ (hiding).
  5302 | D:5      | 5302 ||| UPGRADING to +0 chain mail.
  5312 | D:5      | 5312 ||| DROPPING +0 scale mail.
  5313 | D:5      | 5313 ||| UPGRADING to +0 helmet.
  5318 | D:5      | 5318 ||| UPGRADING to ring of protection from cold.
  5319 | D:5      | 5319 ||| READING scroll labelled ZACESUKAERR.
  5320 | D:5      | 5320 ||| READING scroll labelled TIDOSEAVAOFO.
  5390 | D:6      | Noticed a vampire mosquito
  5390 | D:6      | Noticed a vampire mosquito
  5391 | D:6      | Noticed a vampire mosquito
  5391 | D:6      | 5391 ||| Stepping ~*~*~tactically~*~*~ (stealth).
  5392 | D:6      | Noticed a vampire mosquito
  5399 | D:6      | Killed a vampire mosquito
  5400 | D:6      | Reached XP level 8. HP: 33/50 MP: 8/8
  5405 | D:6      | HP: 9/50 [vampire mosquito (5)]
  5406 | D:6      | 5406 ||| READING scroll of teleportation.
  5407 | D:6      | HP: 4/50 [vampire mosquito (5)]
  5430 | D:6      | HP: 5/50 [acid (3)]
  5432 | D:6      | Splashed by a jelly's acid

Levels and vault maps discovered:
D:1:      roderic_octagonal_star, layout_basic, serial_shops,
          nicolae_shop_advertising_works [nicolae_subvault_shop_adworks]
D:2:      layout_basic, serial_glass, glass_columns_a, glass_columns_b
D:3:      cheibrodos_old_hovel, layout_rooms,
          gammafunk_temple_overflow_elements, nicolae_hepliaklqana_hippocampus,
          mainiacjoe_overflow_boulevard, uniq_jessica
D:4:      layout_loops_corners, vehumet_crystals, nicolae_gozag_seed_capital,
          minmay_gold_behind_fungi
D:5:      layout_loops_ring
D:6:      layout_basic, kennysheep_slug_shrine, temple_doors_ab,
          grunt_decor_fettered, uniq_sigmund, uniq_pikel, uniq_duvessa

Skill      XL: |  1  2  3  4  5  6  7  8 |
---------------+-------------------------+-----
Axes           | 2 3 4 5 6 7 |  7.2
Fighting       | 4 5 |  5.4
Dodging        | 1 |  1.3
Armour         | 4 |  4.3
Shields        | |  3.2

Action                   |  1- 3 |  4- 6 |  7- 9 || total
-------------------------+-------+-------+-------++-------
Melee: War axe           |   150 |   173 |    55 ||   378
  Use: Scroll            |     4 |     6 |     3 ||    13
       Potion            |       |     2 |       ||     2
Armor: Scale mail        |    82 |   108 |    18 ||   208
       Chain mail        |       |       |    18 ||    18
Dodge: Dodged            |    72 |    85 |    19 ||   176
Block: Buckler           |    29 |    48 |    13 ||    90

Table legend:
 A = Non-vault XP
 B = Vault XP
 C = Vault XP percentage of total XP
 D = Non-vault monster count
 E = Vault monster count
 F = Vault count percentage of total count
                 A         B        C        D         E       F
            +---------+---------+-------+---------+---------+-------
      Total |    1409 |      39 |   2.7 |      96 |       2 |   2.0
            +---------+---------+-------+---------+---------+-------
        D:1 |      47 |       0 |   0.0 |      28 |       0 |   0.0
        D:2 |      69 |       0 |   0.0 |      16 |       0 |   0.0
        D:3 |      63 |      39 |  38.2 |      22 |       2 |   8.3
        D:4 |     122 |       0 |   0.0 |      14 |       0 |   0.0
        D:5 |     757 |       0 |   0.0 |      14 |       0 |   0.0
        D:6 |     351 |       0 |   0.0 |       2 |       0 |   0.0
            +---------+---------+-------+---------+---------+-------
